Map: Central Protocol

Players

LilDicky

  • Race: Terran Terran
  • League: Platinum

ffta - Winner!

  • Race: Zerg Zerg
  • League: Platinum

VOD

http://www.twitch.tv/tumescentpie

Description

Time

  • Played on: Nov. 20, 2015, 9:03 p.m.
  • Length: 5:04
Show
View Real Time Build Order
Export as new Build Order

LilDicky Terran 

Build Orders: Liberator Opening 

Get SALT Encoding   

  12  0:01  SCV  
  13  0:18  Supply Depot  
  13  0:20  SCV  
  14  0:32  SCV  
  15  0:45  SCV  
  15  0:46  Barracks  
  16  0:52  Refinery  
  16  0:57  SCV  
  17  1:10  SCV  
  18  1:22  SCV  
  19  1:32  Marine  
  19  1:34  Supply Depot  
  19  1:35  Orbital Command  
  20  1:50  Marine  
  20  1:52  Factory  
  21  2:02  SCV  
  22  2:10  Command Center  
  22  2:14  SCV  
  22  2:15  Marine  
  24  2:25  Refinery  
  24  2:26  SCV  
  25  2:34  Marine  
  26  2:38  Factory Tech Lab, SCV  
  26  2:40  Starport  
  27  2:49  Factory Reactor  
  27  2:52  SCV  
  27  2:56  Marine  
  29  3:04  SCV  
  30  3:16  SCV  
  31  3:23  Orbital Command, Medivac  
  31  3:24  Supply Depot  
  33  3:27  Hellion x2  
  33  3:30  Marine  
  38  3:42  Liberator  
  36  3:53  Bunker  
  36  3:56  Marine  
  32  4:15  Marine  
  33  4:19  Hellion x2  
  33  4:20  SCV x2  
  38  4:25  Command Center  
  36  4:33  Marine  
  35  4:45  SCV  
  35  4:46  SCV  
Show
View Real Time Build Order
Export as new Build Order

ffta Zerg - Winner!

Build Orders: Hatch First 

Get SALT Encoding   

  12  0:01  Drone  
  13  0:13  Overlord  
  13  0:17  Drone  
  14  0:31  Drone x2  
  14  0:35  Drone  
  17  0:57  Hatchery, Drone  
  17  0:59  Drone  
  17  1:02  Extractor  
  17  1:16  Drone  
  18  1:19  Spawning Pool  
  17  1:41  Drone x2  
  17  1:42  Overlord  
  19  1:53  Drone  
  20  2:08  Metabolic Boost  
  20  2:10  Queen x2  
  20  2:12  Overlord  
  24  2:15  Drone  
  24  2:18  Drone  
  26  2:31  Zergling x6  
  29  2:41  Drone x2  
  31  2:55  Roach Warren  
  31  2:57  Overlord  
  30  2:58  Overlord  
  30  3:02  Overlord  
  30  3:22  Zergling x2  
  30  3:23  Zergling x12  
  37  3:40  Hatchery  
  33  3:57  Roach x4  
  33  3:58  Zergling x2  
  38  4:17  Zergling x8  
  38  4:18  Roach x2, Zergling x2  
Tags
 
Add a new tag
Caveats
  • Supply blocks, unpowered buildings, or Contaminate may cause inaccurate times.
  • Supply counts are checked every 10 seconds.